 Dungeon Crawl Stone Soup version 0.16-a0-778-g0731923 (webtiles) character file.

230 MRaven the Sneak (level 5, -1/41 HPs)
             Began as a Demonspawn Wanderer on Sept 25, 2014.
             Killed from afar by an orc wizard (10 damage)
             ... with a magic dart
             ... on Level 4 of the Dungeon.
             The game lasted 00:15:02 (3816 turns).

MRaven the Sneak (Demonspawn Wanderer)              Turns: 3816, Time: 00:15:03

HP  -1/41        AC  3     Str 12      XL: 5   Next: 72%
MP   5/5         EV 12     Int 15      God:
Gold 192         SH  3     Dex 12      Spells:  0 memorised,  4 levels left

rFire  . . .     SeeInvis .     a - +3 spear
rCold  . . .     Clarity  .     d - +0 robe
rNeg   . . .     rCorr    .     w - +0 buckler
rPois  .         rRot     .     (no helmet)
rElec  .         Spirit   .     v - +0 cloak
SustAb .         Warding  .     (no gloves)
rMut   +         Stasis   .     (no boots)
Gourm  .                        k - amulet of resist mutation
MR     .....                    (no ring)
                                (no ring)

@: very slightly contaminated, hasted and slowed, not resistant to hostile
enchantments, fairly stealthy
A: claws 1, nightstalker 1
a: no special abilities


You were on level 4 of the Dungeon.
You were not hungry.

You visited 2 branches of the dungeon, and saw 5 of its levels.

You collected 192 gold pieces.

Inventory:

Hand weapons
 a - a +3 spear (weapon)
Armour
 d - a +0 robe (worn)
 v - a +0 cloak (worn)
 w - a +0 buckler (worn)
Magical devices
 h - a wand of confusion (11)
 p - a wand of hasting (0)
Comestibles
 f - 2 bread rations
 g - 3 meat rations
 j - a royal jelly
 A - 2 rotting chunks of orc flesh
Scrolls
 b - 2 scrolls of teleportation
 l - a scroll of remove curse {unknown}
 q - 2 scrolls of blinking
 r - 3 scrolls of identify
 s - a scroll of fog
Jewellery
 k - an amulet of resist mutation (around neck)
Potions
 c - a potion of lignification
 i - a potion of agility
 u - a potion of confusion {unknown}


   Skills:
 + Level 3.3 Fighting
 - Level 2.6 Polearms
 - Level 1.0 Throwing
 - Level 2.7 Dodging
 * Level 4.5 Stealth
 * Level 0.6 Shields


You had 4 spell levels left.
You didn't know any spells.

Dungeon Overview and Level Annotations

Branches:
Dungeon (4/15)             Temple (1/1) D:4

Altars:
Ashenzari
Cheibriados
Dithmenos
Elyvilon
Fedhas
Gozag
Kikubaaqudgha
Makhleb
Nemelex Xobeh
Okawaru
Qazlal
Ru
Vehumet
Xom
Yredelemnul
Zin
The Shining One


Innate Abilities, Weirdness & Mutations

You have sharp fingernails.
You are slightly more attuned to the shadows.


Message History

Press: ? - help, Shift-Dir - straight line, f - you, p - orc wizard You feel yourself speed up.
You are very lightly contaminated with residual magic.
The orc wizard points at you and mumbles some strange words.
You feel yourself slow down. You block the orc wizard's attack.
You hit the orc wizard.
The orc wizard is almost dead.
The orc wizard is no longer moving quickly.
The orc wizard hits you with a dagger.
* * * LOW HITPOINT WARNING * * *
You hit the orc wizard but do no damage.
The orc wizard is almost dead.
The orc wizard gestures wildly while chanting.
The orc wizard blinks!
You barely miss the orc. You block the orc's attack.
You hit the orc.
The orc is almost dead.
The orc wizard points at you and mumbles some strange words.
The magic dart hits you!
You die...

+.......
......#
#...#
#..)#
#.o.#
#...##
#...[##
#####...##
#o.@o.>..#
#b###....#
# #......#
#.##.#.#
#.<#.#.#
#..#.#.#
#..#.# #
#..#.#
#..#.


You could see an orc wizard and an orc.

Vanquished Creatures
  A crimson imp (D:3)
  Ijyb (D:3)
  Jessica (D:2)
  5 adders
  A gnoll (D:1)
  2 giant mites (D:2)
  3 worms
  A giant gecko (D:1)
  4 orcs
  A ball python (D:2)
  4 giant cockroaches
  3 hobgoblins
  9 kobolds
  2 quokkas
  5 bats
  5 giant newts
  19 goblins
  3 jackals (D:3)
  5 rats
  A butterfly (D:4)
76 creatures vanquished.

Vanquished Creatures (others)
  A bat (D:3)
1 creature vanquished.

Grand Total: 77 creatures vanquished

Notes
Turn   | Place    | Note
--------------------------------------------------------------
     0 | D:1      | MRaven, the Demonspawn Wanderer, began the quest for the Orb.
     0 | D:1      | Reached XP level 1. HP: 16/16 MP: 1/1
   135 | D:1      | Gained mutation: You have sharp fingernails. [demonic ancestry]
   135 | D:1      | Reached XP level 2. HP: 19/22 MP: 2/2
   278 | D:1      | Reached skill level 3 in Stealth
   835 | D:2      | Reached XP level 3. HP: 19/28 MP: 3/3
  1446 | D:2      | Noticed Jessica
  1455 | D:2      | Killed Jessica
  1455 | D:2      | Gained mutation: You are slightly more attuned to the shadows. [demonic ancestry]
  1455 | D:2      | Reached XP level 4. HP: 17/34 MP: 4/4
  2394 | D:3      | Found a blossoming altar of Fedhas.
  2485 | D:3      | Reached skill level 4 in Stealth
  2641 | D:3      | Found a snail-covered altar of Cheibriados.
  2684 | D:3      | Found a white marble altar of Elyvilon.
  2721 | D:3      | Found an iron altar of Okawaru.
  2879 | D:3      | Reached XP level 5. HP: 40/40 MP: 5/5
  3137 | D:3      | Noticed Ijyb
  3151 | D:3      | Killed Ijyb
  3589 | D:3      | Found a burning altar of Makhleb.
  3666 | D:4      | Found a staircase to the Ecumenical Temple.
  3672 | Temple   | Entered the Ecumenical Temple
  3816 | D:4      | Killed from afar by an orc wizard

Action                   |  1- 3 |  4- 6 || total
-------------------------+-------+-------++-------
Melee: Spear             |    80 |   150 ||   230
Evoke: Wand              |       |     2 ||     2
  Use: Scroll            |     6 |     2 ||     8
       Potion            |       |     1 ||     1
 Stab: Sleeping          |     3 |    11 ||    14
  Eat: Chunk             |     2 |     7 ||     9
